Cogmind - Beta 10.2 @@@ ROGUE MODE // 2021.05.09 @ 15:23:57 Player: ChromeKnight Result: Self-destructed Performance ------------- Evolutions (7) 3500 Regions Visited (18) 3600 Robots Destroyed (127) 635 Value Destroyed (5283) 5283 Prototype IDs (36) 720 Alien Tech Used (0) 0 Bonus (2077) 2077 TOTAL SCORE: 15815 Bonus ------- High Alert Combat Kills 463 Follower Combat Kills 314 Met Data Miner 300 Hacked Protovariant 500 Scanned by Researcher 500 Cogmind --------- Core Integrity 278/1300 Matter 300/300 Energy 177/430 System Corruption 24% Temperature Cool (0) Movement Core (900) Ox17 Location -3/Testing Parts ------- > --- POWER (2) -------- Particle Reactor Light Quantum Reactor > --- PROPULSION (4) --- (None) > --- UTILITY (12) ----- Advanced Heat Sink Advanced Heat Sink Large Storage Unit Experimental Signal Interpreter Advanced Target Analyzer Microactuators > --- WEAPON (3) ------- (None) > --- INVENTORY (10) --- Particle Reactor Particle Reactor Particle Reactor Particle Reactor Advanced Shield Generator Gamma Rifle Gamma Rifle Matter Neutralizer Nanosword Peak State ------------ > --- POWER ------------ Particle Reactor Particle Reactor > --- PROPULSION ------- Flexi-carbon Leg Biometal Leg Biometal Leg Experimental Myomer Leg > --- UTILITY ---------- Advanced Power Amplifier Advanced Heat Sink Advanced Heat Sink Large Storage Unit Experimental Signal Interpreter Advanced Target Analyzer Advanced Particle Charger Centrium Light Armor Plating Centrium Medium Armor Plating Experimental Thermal Shield Advanced Shield Generator > --- WEAPON ----------- Disintegrator Enhanced Gauss Cannon > --- INVENTORY -------- Particle Reactor Particle Reactor Particle Reactor Advanced Shield Generator Gamma Rifle Gamma Rifle Matter Neutralizer Nanosword [Rating: 155] Favorites ----------- Power Micro Nuclear Core Engine Ion Engine Power Core Micro Nuclear Core Reactor Light Antimatter Reactor Propulsion Aerolev Unit Leg Biometal Leg Hover Unit Aerolev Unit Flight Unit Biomechanical Wings Utility Launcher Guidance Computer Device Advanced Heat Sink Storage Medium Storage Unit Processor Launcher Guidance Computer Hackware Hacking Suite Protection Light Armor Plating Weapon Assault Rifle Energy Gun Gamma Rifle Energy Cannon Matter Neutralizer Ballistic Gun Assault Rifle Ballistic Cannon Enhanced Gauss Cannon Launcher Improved Grenade Launcher Slashing Weapon Nanosword Build | -11 -10 -10 -10 -9 -8 -8 -7 -7 -7 -7 -6 -6 -5 -4 -4 -4 -3 -3 ------- Run | Scr Mat Min Exi Min Mat Sto Fac Low Low Dat Pro Fac Fac Fac Upp Upp Res Tes Slots Evolved 14 | . . . . . 4 . 2 . . . . 2 2 2 . . 2 . Power 1 | . . . . . . . 1 . . . . . . . . . . . Propulsion 2 | . . . . . 1 . . . . . . . 1 . . . . . Utility 10 | . . . . . 3 . 1 . . . . 2 1 2 . . 1 . Weapon 1 | . . . . . . . . . . . . . . . . . 1 . Parts Attached 207 | 6 12 . . 3 14 21 10 4 . . . 25 12 6 1 1 32 60 Power 28 | 1 2 . . 1 . 5 2 1 . . . 1 3 . . . 4 8 Engine 4 | 1 . . . . . 2 . . . . . 1 . . . . . . Core 13 | . 2 . . 1 . 3 2 1 . . . . 3 . . . 1 . Reactor 11 | . . . . . . . . . . . . . . . . . 3 8 Propulsion 49 | 2 5 . . 1 3 6 . 2 . . . 10 2 2 . . 7 9 Treads . | . . . . . . . . . . . . . . . . . . . Leg 16 | 2 3 . . . . . . . . . . . . . . . 3 8 Wheel . | . . . . . . . . . . . . . . . . . . . Hover 22 | . 2 . . 1 3 6 . 2 . . . 4 . . . . 4 . Flight 11 | . . . . . . . . . . . . 6 2 2 . . . 1 Utility 70 | 1 3 . . 1 8 1 6 . . . . 8 2 3 . . 15 22 Device 36 | . 1 . . . 5 . 3 . . . . 2 . . . . 9 16 Storage 7 | 1 . . . . . 1 . . . . . 2 1 . . . 1 1 Processor 12 | . . . . . 1 . 3 . . . . 2 . . . . 4 2 Hackware 5 | . . . . . . . . . . . . 1 1 3 . . . . Protection 10 | . 2 . . 1 2 . . . . . . 1 . . . . 1 3 Artifact . | . . . . . . . . . . . . . . . . . . . Weapon 60 | 2 2 . . . 3 9 2 1 . . . 6 5 1 1 1 6 21 Energy Gun 25 | . . . . . 1 5 . . . . . . . . 1 1 3 14 Energy Cannon 5 | . . . . . . . . . . . . . . . . . . 5 Ballistic Gun 17 | 2 2 . . . 2 3 1 . . . . 3 2 1 . . 1 . Ballistic Cannon 3 | . . . . . . . . . . . . . . . . . 2 1 Launcher 9 | . . . . . . 1 1 1 . . . 3 3 . . . . . Special Weapon . | . . . . . . . . . . . . . . . . . . . Impact Weapon . | . . . . . . . . . . . . . . . . . . . Slashing Weapon 1 | . . . . . . . . . . . . . . . . . . 1 Piercing Weapon . | . . . . . . . . . . . . . . . . . . . Special Melee Weapon . | . . . . . . . . . . . . . . . . . . . Unidentified Prototypes 27 | . . . . . 2 7 . . . . . 3 . . . . 3 12 Parts Lost 59 | . 2 . . . . . . . 1 . . 10 3 9 2 3 17 12 Power 6 | . . . . . . . . . . . . 2 1 2 . . 1 . Propulsion 19 | . 1 . . . . . . . . . . 4 1 3 2 . 4 4 Utility 21 | . . . . . . . . . 1 . . 2 . 3 . 2 7 6 Weapon 13 | . 1 . . . . . . . . . . 2 1 1 . 1 5 2 Highest Loss Streak 13 | . 1 . . . . . . . 1 . . 7 2 5 2 3 13 11 Average Slot Usage (%) 84 | . 90 100 100 96 80 98 94 100 92 92 92 81 81 76 52 45 75 81 Core 6 | . 8 14 14 14 9 7 14 15 15 15 15 7 4 8 . . . . Reactor 2 | . . . . . . . . . . . . . . . . . 6 7 Leg 4 | . 22 . . . . . . . . . . . . . . . 3 13 Hover 11 | . 5 28 28 28 26 26 23 23 23 23 23 9 . . . . 8 . Flight 2 | . . . . . . . . . . . . 6 18 16 9 . . . Device 12 | . 3 . . . 6 27 14 15 7 7 7 9 5 4 . . 10 23 Storage 6 | . 14 14 14 14 9 9 7 7 7 7 7 6 5 5 5 5 . 4 Processor 14 | . . . . . 5 9 19 23 23 23 23 21 29 24 21 20 17 12 Hackware 4 | . . . . . . . . . . . . 3 10 15 15 15 13 2 Protection 3 | . 6 14 14 14 8 . . . . . . 3 . . . . 1 5 Energy Gun 2 | . . . . . 2 1 . . . . . . . . . 4 4 7 Ballistic Gun 7 | . 24 28 28 24 13 12 7 7 7 7 7 6 4 1 . . 1 . Launcher 1 | . . . . . . 4 6 7 7 7 7 4 1 . . . . . Naked Turns . | . . . . . . . . . . . . . . . . . . . Heaviest Build 115 | 12 16 16 16 16 20 25 33 33 33 30 30 41 26 24 14 14 67 115 Greatest Support 101 | 20 20 12 12 12 23 33 33 33 33 33 33 33 29 36 13 3 68 101 Greatest Overweight (x) 8 | 1 1 1 1 1 . . . . . . . 8 1 . 4 4 6 4 Average Overweight (x) . | . . 1 1 . . . . . . . . . . . . 3 . . Largest Inventory Capacity 14 | 6 6 6 6 6 6 8 8 8 8 8 8 14 12 8 8 8 8 10 Average Capacity 7 | 5 6 6 6 6 6 6 8 8 8 8 8 8 8 8 8 7 4 8 Most Carried 10 | . 6 6 6 6 6 8 8 8 4 4 4 8 6 8 8 8 6 10 Average Carried 5 | . 4 6 6 5 5 6 7 4 4 4 4 5 5 6 7 6 4 6 Final Capacity 10 | 6 6 6 6 6 6 8 8 8 8 8 8 8 8 8 8 4 8 10 Final Carried 9 | . 6 6 6 6 6 8 8 4 4 4 4 6 6 7 8 4 6 9 Class Distribution -------------------- 57% | Mutant 14% | Hacker-Mutant 9% | Scavenger-Gunner 8% | Scavenger-Tank 5% | Scavenger-Mutant 4% | Hacker-Sprinter Dominant Class ---------------- Mutant | -10/Materials Mutant | -10/Mines Mutant | -10/Exiles Mutant | -9/Mines Mutant | -8/Materials Mutant | -8/Storage Mutant | -7/Factory Mutant | -7/Lower Caves Mutant | -7/Lower Caves Mutant | -7/Data Miner Mutant | -6/Proximity Caves Mutant | -6/Factory Hacker-Sprinter | -5/Factory Hacker-Sprinter | -4/Factory Hacker-Mutant | -4/Upper Caves Hacker-Mutant | -4/Upper Caves Scavenger-Gunner | -3/Research Scavenger-Tank | -3/Testing Resources | -11 -10 -10 -10 -9 -8 -8 -7 -7 -7 -7 -6 -6 -5 -4 -4 -4 -3 -3 ----------- Run | Scr Mat Min Exi Min Mat Sto Fac Low Low Dat Pro Fac Fac Fac Upp Upp Res Tes Matter Collected 4651 | 208 361 . . 132 228 619 83 167 119 . 148 328 307 30 121 38 755 1007 Remotely 8 | . . . . . . . . . . . . 8 . . . . . . Salvage Created 5446 | . 439 . . 216 60 722 337 21 78 . 283 450 439 30 . 60 744 1567 Parts 275 | . 25 . . 13 4 49 21 1 . . 9 19 29 7 . 2 30 66 Haulers Intercepted 8 | . 1 . . . . 3 1 . . . . 1 . . . . 1 1 Recyclers Shooed 10 | . 2 . . . . . 2 . . . . 3 . 1 . . 1 1 Parts Field Recycled . | . . . . . . . . . . . . . . . . . . . Retrieved Matter . | . . . . . . . . . . . . . . . . . . . Parts Self-Destructed 13 | . . . . . . . . . 3 . 8 . . . . 2 . . Prevented . | . . . . . . . . . . . . . . . . . . . Kills | -11 -10 -10 -10 -9 -8 -8 -7 -7 -7 -7 -6 -6 -5 -4 -4 -4 -3 -3 ------- Run | Scr Mat Min Exi Min Mat Sto Fac Low Low Dat Pro Fac Fac Fac Upp Upp Res Tes Combat Hostiles Destroyed 95 | . 6 . . 6 1 14 10 . . . 9 7 14 . . . 11 17 Guns 39 | . 6 . . 6 1 8 1 . . . 2 2 4 . . . 2 7 Cannons 16 | . . . . . . . . . . . . . . . . . 9 7 AOE 37 | . . . . . . 6 9 . . . 7 5 10 . . . . . Classes Destroyed 16 | . 6 . . 1 . 3 . . 1 . . 2 1 . . . . 2 Worker 5 | . . . . . . 1 1 . . . . 1 1 . . . . 1 Builder 3 | . . . . . . . . . . . . 3 . . . . . . Tunneler 3 | . 1 . . 2 . . . . . . . . . . . . . . Hauler 8 | . 1 . . . . 3 1 . . . . 1 . . . . 1 1 Recycler 3 | . 1 . . . . . 1 . . . . 1 . . . . . . Operator 3 | . 1 . . . . . . . . . . 1 . 1 . . . . Watcher 6 | . 1 . . . 1 2 1 . . . . . . . . . . 1 Swarmer 20 | . . . . 3 . 4 4 . . . 4 . 5 . . . . . Grunt 45 | . 6 . . 3 1 3 6 . . . 4 5 5 . . . 5 7 Duelist 2 | . . . . . . . . . . . . 1 1 . . . . . Sentry 15 | . . . . . . 6 . . . . 1 1 1 . . . 3 3 Hunter 2 | . . . . . . 1 . . . . . . . . . . 1 . Programmer 10 | . . . . . . . . . . . . . 2 . . . 2 6 Q-Series 1 | . . . . . . . . . . . . . . . . . . 1 Investigator 1 | . . . . . . . . . . . . . . . . . . 1 Decomposer 4 | . . . . . . . . 1 . . . . . . . 3 . . Samaritan 2 | . . . . . . . . . 2 . . . . . . . . . Best Kill Streak 10 | . 2 . . 4 1 6 10 . . . 4 6 5 1 . . 4 3 Combat Bots Only 6 | . 2 . . 3 1 6 5 . . . 4 4 5 . . . 4 3 Max Kills in Single Turn 3 | . 1 . . 1 1 3 3 1 1 . 2 3 2 1 . 1 1 2 Gunslinging . | . . . . . . . . . . . . . . . . . . . Exploded 3 | . . . . . . 3 2 . . . 2 2 2 . . . . . Melee . | . . . . . . . . . . . . . . . . . . . Uniques/NPCs Destroyed . | . . . . . . . . . . . . . . . . . . . Combat | -11 -10 -10 -10 -9 -8 -8 -7 -7 -7 -7 -6 -6 -5 -4 -4 -4 -3 -3 -------- Run | Scr Mat Min Exi Min Mat Sto Fac Low Low Dat Pro Fac Fac Fac Upp Upp Res Tes Damage Taken 10768 | . 478 . . 124 242 594 172 85 42 . 181 961 561 765 101 356 2791 3315 Core 2077 | . 64 . . 13 49 141 . . . . 42 272 132 185 . 157 787 235 Absorbed by Shields 707 | . . . . . . . . . . . . . . . . . . 707 Core Remaining (%) 78 | 100 . . . 69 . 65 . . . . 94 68 86 . . 70 . . Volleys Fired 427 | . 66 . . 12 15 78 24 3 18 . 11 33 30 4 . 8 46 79 Largest 3 | . 2 . . 2 2 2 2 1 1 . 2 2 2 1 . 1 3 3 Hottest 257 | . 40 . . 40 75 89 61 25 25 . 61 67 67 28 . 94 235 257 Shots Fired 721 | . 93 . . 24 28 117 37 3 18 . 18 43 36 4 . 8 107 185 Gun 552 | . 93 . . 24 28 109 24 3 18 . 11 31 21 4 . 8 59 119 Cannon 114 | . . . . . . . . . . . . . . . . . 48 66 Launcher 55 | . . . . . . 8 13 . . . 7 12 15 . . . . . Special . | . . . . . . . . . . . . . . . . . . . Kinetic 471 | . 93 . . 24 26 102 24 3 18 . 11 31 21 4 . . 74 40 Thermal 117 | . . . . . 2 7 . . . . . . . . . 8 32 68 Explosive 55 | . . . . . . 8 13 . . . 7 12 15 . . . . . Electromagnetic 78 | . . . . . . . . . . . . . . . . . 1 77 Robot Hit Streak 38 | . 24 . . 10 11 26 7 10 21 . 5 14 38 7 . 8 12 17 Robot Miss Streak 4 | . 3 . . 1 3 2 2 . 1 . 1 2 2 . . 1 4 3 Penetration Max 2 | . . . . . . . . . . . . . . . . . 2 1 Secondary Targets 3 | . 1 . . . . 1 . . . . . . . . . . . 1 Max Gunslinging Chain 1 | . 1 . . . . 1 . . . . . . . . . . . 1 Shots Hit Robots 484 | . 70 . . 15 20 78 26 3 17 . 12 38 32 4 . 5 67 97 Core Hits 267 | . 21 . . 11 5 34 21 1 5 . 16 39 28 5 . 4 34 43 Critical Hits 28 | . 1 . . . . . . . . . . 1 2 . . . 6 18 Critical Kills 9 | . . . . . . . . . . . . . 1 . . . 2 6 Critical Parts Destroyed 16 | . 1 . . . . . . . . . . 1 1 . . . 3 10 Melee Attacks . | . . . . . . . . . . . . . . . . . . . Impact . | . . . . . . . . . . . . . . . . . . . Slashing . | . . . . . . . . . . . . . . . . . . . Piercing . | . . . . . . . . . . . . . . . . . . . Sneak Attacks . | . . . . . . . . . . . . . . . . . . . Combat Hostiles . | . . . . . . . . . . . . . . . . . . . Follow-up Attacks . | . . . . . . . . . . . . . . . . . . . Damage Inflicted 15026 | . 822 . . 188 308 1939 1637 49 297 . 768 2015 1623 114 . 182 2428 2656 Guns 7212 | . 822 . . 188 308 1254 267 49 297 . 111 549 386 71 . 181 1101 1628 Cannons 2332 | . . . . . . . . . . . . . . . . . 1304 1028 Explosions 5415 | . . . . . . 685 1370 . . . 657 1466 1237 . . . . . Melee . | . . . . . . . . . . . . . . . . . . . Ramming 67 | . . . . . . . . . . . . . . 43 . 1 23 . Kinetic 6592 | . 822 . . 188 287 1155 267 49 297 . 111 549 386 71 . . 1754 656 Thermal 1875 | . . . . . 21 99 . . . . . . . . . 181 629 945 Explosive 5392 | . . . . . . 685 1370 . . . 657 1443 1237 . . . . . Electromagnetic 1100 | . . . . . . . . . . . . 23 . . . . 22 1055 Impact . | . . . . . . . . . . . . . . . . . . . Slashing . | . . . . . . . . . . . . . . . . . . . Piercing . | . . . . . . . . . . . . . . . . . . . Highest Corruption 24 | . . . . . . . . . . . . . 1 2 2 5 4 24 Average Corruption 6 | . . . . . . . . . . . . . 1 1 2 2 2 9 Corruption Purged . | . . . . . . . . . . . . . . . . . . . Effects 73 | . . . . . . . . . . . . . 1 1 1 3 1 66 Message Errors 14 | . . . . . . . . . . . . . . . . 1 . 13 Matter Fused 7 | . . . . . . . . . . . . . . . . . . 7 Heat Flow Errors 7 | . . . . . . . . . . . . . . . . . . 7 Energy Discharges 13 | . . . . . . . . . . . . . 1 . 1 2 . 9 Data Loss (minor) 8 | . . . . . . . . . . . . . . 1 . . . 7 Data Loss (major) 3 | . . . . . . . . . . . . . . . . . . 3 Misfires 2 | . . . . . . . . . . . . . . . . . . 2 Misdirections 4 | . . . . . . . . . . . . . . . . . . 4 Targeting Errors 14 | . . . . . . . . . . . . . . . . . 1 13 Weapon Failures 1 | . . . . . . . . . . . . . . . . . . 1 Overload Shots . | . . . . . . . . . . . . . . . . . . . Overflow Damage 166 | . . . . . . 18 56 . . . 11 26 35 . . . 20 . Projectiles 20 | . . . . . . . . . . . . . . . . . 20 . Explosions 146 | . . . . . . 18 56 . . . 11 26 35 . . . . . Melee . | . . . . . . . . . . . . . . . . . . . Knockbacks 14 | . . . . . . . . . . . . . . . . . 7 7 Impact . | . . . . . . . . . . . . . . . . . . . Kinetic 13 | . . . . . . . . . . . . . . . . . 6 7 Secondary 1 | . . . . . . . . . . . . . . . . . 1 . Self-Inflicted Damage 219 | . . . . . . 11 . . . . 44 33 100 20 . . 11 . Shots 7 | . . . . . . 2 . . . . 1 2 2 . . . . . Rammed 10 | . . . . . . . . . . . . . . 5 . 2 3 . Targets Rammed 10 | . . . . . . . . . . . . . . 5 . 2 3 . Kicked . | . . . . . . . . . . . . . . . . . . . Crushed . | . . . . . . . . . . . . . . . . . . . Highest Temperature 307 | . 18 . . 33 38 111 167 16 45 . 90 85 48 7 . 24 96 307 Average Temperature 38 | . 8 . . 19 9 19 61 8 20 . 40 24 22 4 . 12 25 73 Received Heat Transfer 1879 | . 258 . . 39 90 144 72 12 18 . 9 417 117 18 . . 330 355 Siege Activations . | . . . . . . . . . . . . . . . . . . . Robots Corrupted 2 | . . . . . . . . . . . . . . . . . . 2 Combat Hostiles 2 | . . . . . . . . . . . . . . . . . . 2 Parts Fried 5 | . . . . . . . . . . . . . . . . . . 5 Impact Corruptions 1 | . . . . . . . . . . . . . . . . . 1 . Robots Melted 1 | . . . . . . . . . . . . . . . . . . 1 Combat Hostiles 1 | . . . . . . . . . . . . . . . . . . 1 Parts Melted 8 | . . . . . . . . . . . 1 . . . . . . 7 Heat Transferred 2713 | . . . . . 37 222 . . . . . . . . . 222 840 1392 Parts Sabotaged 1 | . . . . . . . . . . . . . . . . . . 1 Parts Stolen . | . . . . . . . . . . . . . . . . . . . Parts Stripped . | . . . . . . . . . . . . . . . . . . . Power Chain Reactions . | . . . . . . . . . . . . . . . . . . . Missiles Intercepted . | . . . . . . . . . . . . . . . . . . . Alert | -11 -10 -10 -10 -9 -8 -8 -7 -7 -7 -7 -6 -6 -5 -4 -4 -4 -3 -3 ------- Run | Scr Mat Min Exi Min Mat Sto Fac Low Low Dat Pro Fac Fac Fac Upp Upp Res Tes Peak Influence 783 | . 159 13 . 151 292 648 783 . . . . 369 743 679 . . 451 538 Initial 364 | . . 13 . . 58 122 294 . . . . 116 136 364 . . 198 193 Average 291 | . 80 13 . 83 137 311 432 . . . . 221 438 450 . . 314 382 Maximum Alert Level 3 | . . . . . 1 2 3 . . . . 1 3 2 . . 2 2 Low Security (%) 35 | 100 100 100 . 100 78 22 . . . . . 61 33 . . . . 7 Level 1 34 | . . . . . 21 48 16 . . . . 38 13 37 . . 88 38 Level 2 28 | . . . . . . 28 80 . . . . . 29 62 . . 11 54 Level 3 1 | . . . . . . . 2 . . . . . 22 . . . . . Level 4 . | . . . . . . . . . . . . . . . . . . . Level 5 . | . . . . . . . . . . . . . . . . . . . High Security . | . . . . . . . . . . . . . . . . . . . Max Security . | . . . . . . . . . . . . . . . . . . . Squads Dispatched 48 | . 2 . . 1 4 4 3 . . . . 6 2 2 . . 7 17 Investigation 9 | . 1 . . 1 . . 1 . . . . 1 1 . . . 2 2 Extermination 7 | . . . . . . . . . . . . . 1 . . . 2 4 Reinforcement 18 | . 1 . . . 1 1 1 . . . . 5 . 2 . . 2 5 Assault 3 | . . . . . . . . . . . . . . . . . . 3 Garrison 11 | . . . . . 3 3 1 . . . . . . . . . 1 3 Intercept . | . . . . . . . . . . . . . . . . . . . Construction Impeded 2 | . . . . . . . . . . . . 1 . . . . 1 . Haulers Reinforced 3 | . . . . . . . 1 . . . . 2 . . . . . . Stealth | -11 -10 -10 -10 -9 -8 -8 -7 -7 -7 -7 -6 -6 -5 -4 -4 -4 -3 -3 --------- Run | Scr Mat Min Exi Min Mat Sto Fac Low Low Dat Pro Fac Fac Fac Upp Upp Res Tes Distress Signals 11 | . 2 . . . 2 2 1 . . . . 1 . . . . . 3 Communications Jammed . | . . . . . . . . . . . . . . . . . . . Distress Signals . | . . . . . . . . . . . . . . . . . . . Times Spotted 235 | . 11 . . 10 18 18 19 5 2 . 9 20 19 25 1 2 24 52 Peak Tracking Total 14 | . 3 . . 3 6 5 6 4 1 . 4 5 5 14 1 2 9 10 Tactical Retreats 22 | . . . . . 2 . 2 1 1 . . 2 4 5 . . . 5 Traps | -11 -10 -10 -10 -9 -8 -8 -7 -7 -7 -7 -6 -6 -5 -4 -4 -4 -3 -3 ------- Run | Scr Mat Min Exi Min Mat Sto Fac Low Low Dat Pro Fac Fac Fac Upp Upp Res Tes Traps Triggered 3 | . 1 . . . . 1 1 . . . . . . . . . . . Indirectly . | . . . . . . . . . . . . . . . . . . . Trap Hack Attempts . | . . . . . . . . . . . . . . . . . . . Triggered . | . . . . . . . . . . . . . . . . . . . Disarmed . | . . . . . . . . . . . . . . . . . . . Reprogrammed . | . . . . . . . . . . . . . . . . . . . Reused . | . . . . . . . . . . . . . . . . . . . Traps Extracted . | . . . . . . . . . . . . . . . . . . . Installed . | . . . . . . . . . . . . . . . . . . . Triggered 2 | . . . . . . . . . . . 1 . . . . 1 . . Machines | -11 -10 -10 -10 -9 -8 -8 -7 -7 -7 -7 -6 -6 -5 -4 -4 -4 -3 -3 ---------- Run | Scr Mat Min Exi Min Mat Sto Fac Low Low Dat Pro Fac Fac Fac Upp Upp Res Tes Machines Disabled 15 | . . . . . . 2 5 . . . . 2 . . . . 3 3 Max in Single Turn 5 | . . . . . . 1 5 . . . . 2 . . . . 1 1 Machines Sabotaged . | . . . . . . . . . . . . . . . . . . . Garrisons Compromised . | . . . . . . . . . . . . . . . . . . . Overloaded Fab Kills . | . . . . . . . . . . . . . . . . . . . Fab Network Shutdowns . | . . . . . . . . . . . . . . . . . . . Hacking | -11 -10 -10 -10 -9 -8 -8 -7 -7 -7 -7 -6 -6 -5 -4 -4 -4 -3 -3 --------- Run | Scr Mat Min Exi Min Mat Sto Fac Low Low Dat Pro Fac Fac Fac Upp Upp Res Tes Machines Accessed 29 | . 2 . . 1 2 7 1 . . 4 . 2 2 1 1 . 3 3 Terminals 15 | . 1 . . . 2 6 . . . . . 1 1 . . . 3 1 Fabricators 3 | . . . . . . . . . . . . 1 1 . . . . 1 Repair Stations 4 | . 1 . . . . 1 1 . . . . . . 1 . . . . Recycling Units . | . . . . . . . . . . . . . . . . . . . Scanalyzers . | . . . . . . . . . . . . . . . . . . . Garrison Access 1 | . . . . . . . . . . . . . . . . . . 1 Total Hacks 83 | . 4 . . 1 3 19 4 . . 25 . 4 7 1 1 . 7 7 Successful 57 | . 3 . . 1 2 14 3 . . 25 . 2 3 . 1 . 1 2 Failed 26 | . 1 . . . 1 5 1 . . . . 2 4 1 . . 6 5 Catastrophic 3 | . . . . . . 1 . . . . . . 2 . . . . . Database Lockouts . | . . . . . . . . . . . . . . . . . . . Manual 7 | . 2 . . . 3 2 . . . . . . . . . . . . Terminals 30 | . 2 . . . 3 11 . . . . . 1 3 . . . 7 3 Fabricators 8 | . . . . . . . . . . . . 3 4 . . . . 1 Repair Stations 15 | . 2 . . . . 8 4 . . . . . . 1 . . . . Recycling Units . | . . . . . . . . . . . . . . . . . . . Scanalyzers . | . . . . . . . . . . . . . . . . . . . Garrison Access 3 | . . . . . . . . . . . . . . . . . . 3 Terminal Hacks 36 | . . . . 1 . 5 . . . 25 . . 1 . 1 . 1 2 Record 12 | . . . . . . . . . . 11 . . . . . . . 1 Part Schematic 7 | . . . . . . 2 . . . 5 . . . . . . . . Robot Schematic 7 | . . . . . . . . . . 6 . . 1 . . . . . Robot Analysis 1 | . . . . . . . . . . . . . . . . . 1 . Prototype ID Bank 3 | . . . . . . . . . . 3 . . . . . . . . Open Door 5 | . . . . 1 . 3 . . . . . . . . 1 . . . Protovariant Controls 1 | . . . . . . . . . . . . . . . . . . 1 Fabricator Hacks 4 | . . . . . . . . . . . . 2 2 . . . . . Load Schematic 2 | . . . . . . . . . . . . 1 1 . . . . . Build 2 | . . . . . . . . . . . . 1 1 . . . . . Repair Station Hacks 13 | . 2 . . . . 8 3 . . . . . . . . . . . Scan Component 7 | . 1 . . . . 4 2 . . . . . . . . . . . Repair 6 | . 1 . . . . 4 1 . . . . . . . . . . . Recycling Unit Hacks . | . . . . . . . . . . . . . . . . . . . Scanalyzer . | . . . . . . . . . . . . . . . . . . . Garrison Access Hacks . | . . . . . . . . . . . . . . . . . . . Unauthorized Hacks 4 | . 1 . . . 2 1 . . . . . . . . . . . . Terminals 4 | . 1 . . . 2 1 . . . . . . . . . . . . Track 1 | . . . . . 1 . . . . . . . . . . . . . Assimilate 2 | . . . . . 1 1 . . . . . . . . . . . . Operators 1 | . 1 . . . . . . . . . . . . . . . . . Fabricators . | . . . . . . . . . . . . . . . . . . . Repair Stations . | . . . . . . . . . . . . . . . . . . . Recycling Units . | . . . . . . . . . . . . . . . . . . . Scanalyzers . | . . . . . . . . . . . . . . . . . . . Garrison Access . | . . . . . . . . . . . . . . . . . . . Data Cores Recovered . | . . . . . . . . . . . . . . . . . . . Used . | . . . . . . . . . . . . . . . . . . . Hacking Detections 16 | . 1 . . . 1 3 1 . . . . 2 2 . . . 3 3 Full Trace Events 7 | . . . . . . . 1 . . . . 1 1 . . . 2 2 Feedback Events . | . . . . . . . . . . . . . . . . . . . Feedback Blocked . | . . . . . . . . . . . . . . . . . . . Robot Schematics Acquired 7 | . . . . . . . . . . 6 . . 1 . . . . . Robots Built . | . . . . . . . . . . . . . . . . . . . Matter . | . . . . . . . . . . . . . . . . . . . Time . | . . . . . . . . . . . . . . . . . . . Total Robot Build Rating . | . . . . . . . . . . . . . . . . . . . Part Schematics Acquired 7 | . . . . . . 2 . . . 5 . . . . . . . . Parts Built 2 | . . . . . . . . . . . . 1 1 . . . . . Matter 636 | . . . . . . . . . . . . 318 318 . . . . . Time 168 | . . . . . . . . . . . . 84 84 . . . . . Total Part Build Rating 12 | . . . . . . . . . . . . 6 6 . . . . . Parts Repaired 6 | . 1 . . . . 4 1 . . . . . . . . . . . Time 198 | . 38 . . . . 116 44 . . . . . . . . . . . Parts Recycled . | . . . . . . . . . . . . . . . . . . . Recycled Matter . | . . . . . . . . . . . . . . . . . . . Retrieved Matter . | . . . . . . . . . . . . . . . . . . . Retrieved Components . | . . . . . . . . . . . . . . . . . . . Parts Scanalyzed . | . . . . . . . . . . . . . . . . . . . Part Schematics Acquired . | . . . . . . . . . . . . . . . . . . . Parts Damaged . | . . . . . . . . . . . . . . . . . . . Bothacking | -11 -10 -10 -10 -9 -8 -8 -7 -7 -7 -7 -6 -6 -5 -4 -4 -4 -3 -3 ------------ Run | Scr Mat Min Exi Min Mat Sto Fac Low Low Dat Pro Fac Fac Fac Upp Upp Res Tes Used RIF Installer . | . . . . . . . . . . . . . . . . . . . Robots Hacked . | . . . . . . . . . . . . . . . . . . . Non-combat . | . . . . . . . . . . . . . . . . . . . Combat . | . . . . . . . . . . . . . . . . . . . Robot Hacks Applied . | . . . . . . . . . . . . . . . . . . . Relay Couplers Released . | . . . . . . . . . . . . . . . . . . . Robots Rewired 1 | . . . . . . . 1 . . . . . . . . . . . Allies Hacked . | . . . . . . . . . . . . . . . . . . . Hacks Repelled . | . . . . . . . . . . . . . . . . . . . Allies | -11 -10 -10 -10 -9 -8 -8 -7 -7 -7 -7 -6 -6 -5 -4 -4 -4 -3 -3 -------- Run | Scr Mat Min Exi Min Mat Sto Fac Low Low Dat Pro Fac Fac Fac Upp Upp Res Tes Total Allies 5 | . . . . 1 1 1 1 . . . 1 . . . . . . . Largest Group 1 | . . . . 1 1 1 1 . . . 1 . . . . . . . Highest-Rated Group 94 | . . . . 31 10 10 16 . . . 94 . . . . . . . Highest-Rated Ally 94 | . . . . 31 10 10 16 . . . 94 . . . . . . . Total Orders 5 | . . . . . . . . . . . . . . . . . . 5 EXPLORE 1 | . . . . . . . . . . . . . . . . . . 1 RETURN 4 | . . . . . . . . . . . . . . . . . . 4 Ally Attacks 74 | . . . . 2 . . 2 . . . 10 . . . . . . 60 Total Damage 1896 | . . . . 42 . . 28 . . . 318 . . . . . . 1508 Kills 10 | . . . . 1 . . . . . . . . . . . . . 9 Allies Corrupted . | . . . . . . . . . . . . . . . . . . . Allies Melted 1 | . . . . . . . . . . . 1 . . . . . . . Intel | -11 -10 -10 -10 -9 -8 -8 -7 -7 -7 -7 -6 -6 -5 -4 -4 -4 -3 -3 ------- Run | Scr Mat Min Exi Min Mat Sto Fac Low Low Dat Pro Fac Fac Fac Upp Upp Res Tes Robot Analysis Total 1 | . . . . . . . . . . . . . . . . . 1 . Derelict Logs Recovered 4 | . . . . 1 . . . . . . 1 . . . 2 . . . Drone Launches 12 | . . . . . . . . . . . . . . . . . . 12 Drone Recoveries 9 | . . . . . . . . . . . . . . . . . . 9 Exploration | -11 -10 -10 -10 -9 -8 -8 -7 -7 -7 -7 -6 -6 -5 -4 -4 -4 -3 -3 ------------- Run | Scr Mat Min Exi Min Mat Sto Fac Low Low Dat Pro Fac Fac Fac Upp Upp Res Tes Turns Passed 6689 | 45 546 125 52 249 275 764 351 184 213 34 226 540 373 212 320 194 602 1384 Spaces Moved 6675 | 35 256 108 45 181 330 655 534 408 418 79 419 629 405 582 371 80 451 689 Core 151 | 9 . . . . . . . . . . . 3 . . 3 80 38 18 Treads . | . . . . . . . . . . . . . . . . . . . Legs 1006 | 26 188 . . . . . . . . . . . . . . . 121 671 Wheels . | . . . . . . . . . . . . . . . . . . . Hover 3875 | . 68 108 45 181 330 655 534 408 418 79 419 338 . . . . 292 . Flight 1643 | . . . . . . . . . . . . 288 405 582 368 . . . Fastest Speed 29 | 50 116 116 116 56 48 42 42 42 42 42 42 32 29 29 34 50 48 100 Average Speed 63 | 103 120 116 116 100 49 42 42 42 42 42 42 63 35 31 45 213 83 131 Slowest Speed 450 | 120 150 116 116 116 52 48 42 42 42 42 42 450 97 37 250 250 350 240 Overloaded Moves . | . . . . . . . . . . . . . . . . . . . Propulsion Burnouts . | . . . . . . . . . . . . . . . . . . . Robots Hopped 28 | . . . . . . . . . . . . 11 1 15 1 . . . Cave-ins Triggered . | . . . . . . . . . . . . . . . . . . . Exploration Rate (%) 37 | 4 38 29 10 47 31 86 18 66 65 75 56 20 6 23 71 6 13 42 Regions Visited 18 Branch Regions 11 Pre-discovered Areas 3 | . . . . 1 . . . . . 1 1 . . . . . . . Known Exits Taken 1 | . . . . . . . . . . . . . . . . . 1 . Unknown Exits Taken 17 | 1 1 1 1 1 1 1 1 1 1 1 1 1 1 1 1 1 . . Scrap Searched 10 | . . . . . . . . 5 2 . 1 . . . 2 . . . Spaces Dug 11 | . . . . . . . . . . . . . . . . . 3 8 Terrain Destroyed 589 | . . . . . . 79 113 . . . 84 98 178 . . 1 12 24 Melee . | . . . . . . . . . . . . . . . . . . . Projectile 37 | . . . . . . . . . . . . . . . . 1 12 24 AOE 552 | . . . . . . 79 113 . . . 84 98 178 . . . . . Terrain Rammed . | . . . . . . . . . . . . . . . . . . . Walls Destroyed . | . . . . . . . . . . . . . . . . . . . Machines Disabled . | . . . . . . . . . . . . . . . . . . . Actions | -11 -10 -10 -10 -9 -8 -8 -7 -7 -7 -7 -6 -6 -5 -4 -4 -4 -3 -3 --------- Run | Scr Mat Min Exi Min Mat Sto Fac Low Low Dat Pro Fac Fac Fac Upp Upp Res Tes Total 8467 | 41 404 107 44 227 414 1069 645 418 448 79 458 729 603 589 523 93 576 1000 Wait 970 | 1 55 . . 15 41 291 51 . 13 1 29 36 149 3 152 2 28 103 Move 6603 | 34 255 107 44 180 329 654 533 407 417 78 418 607 402 552 368 79 450 689 Hop 26 | . . . . . . . . . . . . 10 1 14 1 . . . Pick Up 60 | . 7 . . 7 7 6 8 . . . . 5 3 2 1 . 2 12 Fast Attach 130 | 6 9 . . . 6 14 6 . . . . 14 5 4 1 . 31 34 Attach 45 | . 1 . . 1 7 1 2 . . . . 9 7 2 . 1 . 14 Detach 23 | . 1 . . . 1 . 1 . . . . 5 4 1 . . . 10 Swap 32 | . 2 . . 2 1 6 2 4 . . . 2 . . . . 1 12 Drop 120 | . 8 . . 10 7 19 10 4 . . . 8 2 2 . 1 15 34 Fire 427 | . 66 . . 12 15 78 24 3 18 . 11 33 30 4 . 8 46 79 Melee . | . . . . . . . . . . . . . . . . . . . Ram 10 | . . . . . . . . . . . . . . 5 . 2 3 . Kick . | . . . . . . . . . . . . . . . . . . . Crush . | . . . . . . . . . . . . . . . . . . . Escape Stasis 13 | . . . . . . . . . . . . . . . . . . 13 Rewire 8 | . . . . . . . 8 . . . . . . . . . . . Trap . | . . . . . . . . . . . . . . . . . . . Miscellaneous . | . . . . . . . . . . . . . . . . . . . Route ------- -11/Scrapyard -10/Materials (discovered 2 exits: [*Mat] / [*Min]) -10/Mines (discovered 2 exits: [*Mat] / [*Exi]) -10/Exiles -9/Mines -8/Materials -8/Storage -7/Factory -7/Lower Caves -7/Lower Caves -7/Data Miner -6/Proximity Caves -6/Factory -5/Factory -4/Factory -4/Upper Caves -4/Upper Caves -3/Research -3/Testing History --------- Turn | Location | Event 2 | -11/Scrapyard | Discovered new exit (range 16) 46 | -11/Scrapyard | Entered Materials 389 | -10/Materials | Build established: Mutant 412 | -10/Materials | Discovered new exit (range 4) 480 | -10/Materials | Repaired Lgt. Nuclear Core 539 | -10/Materials | Discovered new exit (range 15) 592 | -10/Materials | Entered Mines 593 | -10/Mines | Assembled infested the area 633 | -10/Mines | Discovered new exit (range 11) 653 | -10/Mines | Received a Rocket Launcher from a helpful Derelict 712 | -10/Mines | Deemed a non-threat by the Exiles lab entrance 712 | -10/Mines | Discovered new exit (range 5) 717 | -10/Mines | Entered Exiles 745 | -10/Exiles | Met 8R-AWN 753 | -10/Exiles | Discovered new exit (range 15) 769 | -10/Exiles | Entered Mines 772 | -9/Mines | Received a Mining Laser from a helpful Derelict 979 | -9/Mines | Met a Derelict shopkeep closing up shop 1004 | -9/Mines | Learned location of Zion (-6) 1012 | -9/Mines | Discovered new exit (range 9) 1018 | -9/Mines | Entered Materials 1018 | -8/Materials | Evolved 4 slots: Propulsion x1, Utility x3 1047 | -8/Materials | Garrison activated, responded to threat 1288 | -8/Materials | Discovered new exit (range 8) 1293 | -8/Materials | Entered Storage 1343 | -8/Storage | Repaired Lgt. Nuclear Core 1371 | -8/Storage | Repaired Hover Unit 1398 | -8/Storage | Repaired Hover Unit 1426 | -8/Storage | Repaired Hover Unit 1837 | -8/Storage | Garrison activated, responded to threat 2018 | -8/Storage | Discovered new exit (range 15) 2057 | -8/Storage | Entered Factory 2057 | -7/Factory | Evolved 2 slots: Power x1, Utility x1 2192 | -7/Factory | Repaired Weapon Cycler 2349 | -7/Factory | Discovered new exit (range 17) 2388 | -7/Factory | Garrison activated, responded to threat 2408 | -7/Factory | Entered Lower Caves 2408 | -7/Lower Caves | Spotted B-75 Beast 2586 | -7/Lower Caves | Discovered new exit (range 14) 2592 | -7/Lower Caves | Entered another Lower Caves area 2594 | -7/Lower Caves | Encountered a Warlord checkpoint 2716 | -7/Lower Caves | Attracted the attention of an 0b10 checkpoint 2790 | -7/Lower Caves | Discovered new exit (range 10) 2805 | -7/Lower Caves | Entered Data Miner 2805 | -7/Data Miner | Discovered new exit (range 6) 2811 | -7/Data Miner | Met Data Miner 2821 | -7/Data Miner | Learned location of Section 7 (-2) 2821 | -7/Data Miner | Acquired the access code to Warlord's prototype stash 2827 | -7/Data Miner | Received God Mode back door access code from Data Miner 2839 | -7/Data Miner | Entered Proximity Caves 2871 | -6/Proximity Caves | Escorted by Enhanced Grunt 2903 | -6/Proximity Caves | Attracted the attention of an 0b10 checkpoint 3052 | -6/Proximity Caves | Discovered new exit (range 19) 3065 | -6/Proximity Caves | Entered Factory 3065 | -6/Factory | Evolved 2 slots: Utility x2 3131 | -6/Factory | Incoming investigation squad redirected 3189 | -6/Factory | Fabricated Combat Drone Bay? 3462 | -6/Factory | Lost 7 parts (1p3n2u1w) 3540 | -6/Factory | Discovered new exit (range 4) 3605 | -6/Factory | Entered another Factory area 3605 | -5/Factory | Evolved 2 slots: Propulsion x1, Utility x1 3791 | -5/Factory | Discovered new exit (range 19) 3970 | -5/Factory | Fabricated Combat Drone Bay (x1) 3978 | -5/Factory | Entered another Factory area 3978 | -4/Factory | Evolved 2 slots: Utility x2 4083 | -4/Factory | Build established: Hacker-Sprinter 4182 | -4/Factory | Discovered new exit (range 12) 4184 | -4/Factory | Lost 5 parts (1p2n2u) 4190 | -4/Factory | Entered Upper Caves 4247 | -4/Upper Caves | Learned 4 Research zone layouts 4400 | -4/Upper Caves | Build established: Hacker-Mutant 4415 | -4/Upper Caves | Spotted B-86 Titan 4496 | -4/Upper Caves | Discovered new exit (range 3) 4503 | -4/Upper Caves | Learned Research emergency access door positions 4510 | -4/Upper Caves | Entered another Upper Caves area 4558 | -4/Upper Caves | Discovered new exit (range 15) 4704 | -4/Upper Caves | Entered Research 4704 | -3/Research | Evolved 2 slots: Utility x1, Weapon x1 4731 | -3/Research | Lost 3 parts (2u1w) 5127 | -3/Research | Garrison activated, responded to threat 5215 | -3/Research | Found Prototype Processor 5215 | -3/Research | Identified Exp. Signal Interpreter 5225 | -3/Research | Found Exp. Signal Interpreter 5265 | -3/Research | Incoming investigation squad redirected 5266 | -3/Research | Discovered new exit (range 12) 5302 | -3/Research | Core integrity fell below 50% 5304 | -3/Research | Identified exit to Testing 5306 | -3/Research | Entered Testing 5330 | -3/Testing | Lost 13 parts (1p4n5u3w) 5413 | -3/Testing | Found Prototype Device 5413 | -3/Testing | Identified Exp. Thermal Shield 5418 | -3/Testing | Protovariant out of control (PD-56JHUVWPHI) 5418 | -3/Testing | Unleashed a protovariant (PD-56JHUVWPHI) 5448 | -3/Testing | Incoming assault squad redirected 5634 | -3/Testing | Spotted Investigator 5635 | -3/Testing | Scanned by Researcher 5643 | -3/Testing | Destroyed Investigator 5735 | -3/Testing | Spotted PD-56JHUVWPHI 5866 | -3/Testing | Found Prototype Energy Cannon 5866 | -3/Testing | Identified Disintegrator 5915 | -3/Testing | Found Prototype Slashing Weapon 5915 | -3/Testing | Identified Nanosword 5938 | -3/Testing | Build established: Scavenger-Gunner 6055 | -3/Testing | Found Enh. Force Lance 6056 | -3/Testing | First assault squad dispatched 6076 | -3/Testing | Incoming assault squad redirected 6148 | -3/Testing | Spotted Striker 6148 | -3/Testing | Spotted Striker 6207 | -3/Testing | System corruption reached 10% 6217 | -3/Testing | Garrison activated, responded to threat 6246 | -3/Testing | Build established: Scavenger-Tank 6327 | -3/Testing | Incoming investigation squad redirected 6690 | -3/Testing | Self-destructed Last Messages --------------- 06656_ G-67 Veteran destroyed. 06662_ Acquired 9 matter. 06665_ Acquired Microactuators. 06667_ Acquired 10 matter. 06670_ System corrupted: Energy discharge (-156). 06671_ Acquired 10 matter. 06673_ Adv. Power Amplifier destroyed. 06679_ Beam penetrates Wall. 06681_ Centrium Light Armor Plating severed. 06685_ System corrupted: Disintegrator targeting data glitched. 06685_ Beam penetrates L-61 Swordsman. 06685_ L-61 Swordsman suffers critical hit. 06685_ Destroyed Flexi-carbon Leg. 06685_ Beam penetrates Wall. 06687_ Adv. Particle Charger destroyed. 06687_ Centrium Medium Armor Plating destroyed. 06689_ Enh. Gauss Cannon destroyed. 06689_ Biometal Leg destroyed. 06689_ Dropped Disintegrator. 06690_ Biometal Leg destroyed. Map ----- +----------------------------------------------------+ | ?## #?????? ?# #?? ?? ???????????????????? | | ##?###""########## #? ?? "???????????????????? | | ### ! #"R??? ""??????????????????? | | # # ???? "???????????????????? | | # *% " + ???????????????????? | | # ! """ # ?????????????????? | | # %%= " " #???? ???????????????????? | | # = ==%[%= ######+#############???????? | | # % =! ???????? | | # ??????? | | + = " ??????? | | # """ ??????? | | # ########## #########+### #????????????? | | # # ????? ##?# "%" *#% % #????????????? | | # # #????###???# " # #????????????? | | ## # #??????????# # #????????????? | | # ??????????# #%= #????????????? | | # #??????????# # #????????????? | | #??????????# " %# #????????????? | | #?????????# #% #????????????? | | ## # ??????????# # #????????????? | | # ??????????#####/##### #????????????? | | # "" ??????????????# #???#[ +????????????? | | # "" ???????????????# #???#!= #????????????? | | # """ !%#################l#####%]% #????????????? | | # + p [!!%%@l]=%=%%%%*#????????????? | | # """ ###### |/ #########+##########?????? | | # """ # # !%%# =! | #?????? | | # """ # # """ * !# %= """ """ #?????? | | # # # """ %# """ """ #?????? | | ########## + """ # """ """???????? | | ?????????# # # """ """???????? | | ?????????# # # """ """ #?????? | | ?????????# # # ""T"" #?????? | | ?????????################ """"" #?????? | | ????????????????????????####################?????? | | | | | | | | | | | | | | | | | | | | | | | | | | | | | +----------------------------------------------------+ Best States ------------- Heat Dissipation 160 Energy Generation 51 Energy Capacity 580 Matter Stores 300 Matter Capacity 300 Sight Range 22 Terrain Scan Density 10 Jamming Range 16 Power Amplification 30 Armor Coverage 975 Resistance: TH 30 Resistance: EX 25 Weapon Shielding 33 Weapon Cycling 15 Melee Speed Boost 20 Evasion (%) 64 Targeting Accuracy 8 Launcher Accuracy 40 Target Analysis 8 Core Analysis 8 Particle Charging 25 Offensive Hacking 30 Defensive Hacking 20 Item Schematics ----------------- Hvy. Laser | -8/Storage | Hacked Imp. Heat Sink | -8/Storage | Hacked Combat Drone Bay | -7/Data Miner | Free Lgt. Regenerative Plating | -7/Data Miner | Free Exp. Flexi-carbon Leg | -7/Data Miner | Free Triangulator | -7/Data Miner | Free Exp. Terrain Scan Processor | -7/Data Miner | Free Robot Schematics ------------------ S-27 Virus | -7/Data Miner | Free G-50 Soldier | -7/Data Miner | Free P-70 Sage | -7/Data Miner | Free X-72 Disruptor | -7/Data Miner | Free I-36 Angel | -7/Data Miner | Free I-47 Archangel | -7/Data Miner | Free B-60 Warrior | -5/Factory | Hacked Fabricated ------------ Combat Drone Bay | x1 | -6/Factory Combat Drone Bay | x1 | -5/Factory Alien Tech Used ----------------- None Achievements -------------- None Challenges ------------ None Game ------ Seed CombatXenonNanoactuators Manual? 0 Play Time 01:31:02 Cumulative 195.5 hours Start 2021.05.08 @ 14:40:20 End 2021.05.09 @ 15:23:57 Sessions 3 Manual Loads 0 Difficulty Rogue Special Mode None Game No. 381 Rogue 226 Adventurer 148 Explorer 7 Win Type - Total 4 Types 4/0/0/0/0/0/0/0/0 Lore% 73 Gallery% 83 Achievement% 61 Wizard Run 0 Options --------- ASCII 0 Keyboard 0 Movement Numpad Keybinds 0 Fullscreen 1 Font 18/CogNarrow Map View 76x50 Tactical HUD 1 Map Filters NONE Filters NONE Steam 1 RUN: 798e0362-d881-48b1-89ac-8e45c7925cfc